 Dungeon Crawl Stone Soup version 0.15.0-29-ga8e3430 (webtiles) character file.

32 Psiweapon the Ruffian (level 3, -1/20 HPs)
             Began as a Gargoyle Transmuter on Sept 12, 2014.
             Slain by an ogre
             ... wielding a +0 giant club
              (7 damage)
             ... on Level 2 of the Dungeon.
             The game lasted 00:02:55 (908 turns).

Psiweapon the Ruffian (Gargoyle Transmuter)          Turns: 908, Time: 00:02:56

HP  -1/20        AC  7     Str 13      XL: 3   Next: 27%
MP   4/6         EV 11     Int 13      God:
Gold 24          SH  0     Dex 11      Spells:  1 memorised,  5 levels left

rFire  . . .     SeeInvis .       - Unarmed
rCold  . . .     Clarity  .     n - +0 leather armour
rNeg   + . .     rCorr    .     (no shield)
rPois  +         rRot     +     (helmet restricted)
rElec  +         Spirit   .     (no cloak)
SustAb .         Warding  .     (no gloves)
rMut   .         Stasis   +     l - +0 pair of boots
Gourm  .                        u - amulet of stasis
MR     .....                    (no ring)
                                h - ring of flight

@: appendage, very slightly contaminated, not resistant to hostile enchantments,
very unstealthy
A: horns 2, negative energy resistance 1, electricity resistance, unbreathing,
petrification resistance, rot immunity, AC +3
a: End Transformation, Evoke Flight


You were on level 2 of the Dungeon.
You were not hungry.
You had grown temporary horns.
You visited 1 branch of the dungeon, and saw 2 of its levels.

You collected 24 gold pieces.

Inventory:

Missiles
 b - 12 arrows
 f - 34 sling bullets
 w - 17 poisoned needles
Armour
 c - a +0 robe
 l - a +0 pair of boots (worn)
 n - a +0 leather armour (worn)
Comestibles
 a - a bread ration
 k - a chunk of bat flesh
 m - a chunk of adder flesh
 v - a beef jerky
 x - a chunk of adder flesh
Scrolls
 e - a scroll of amnesia {unknown}
 i - a scroll of remove curse {unknown}
 o - a scroll of identify {unknown}
 r - a scroll of fear {unknown}
 s - a scroll of noise {unknown}
Jewellery
 h - a ring of flight (left hand)
 u - an amulet of stasis (around neck)
Potions
 g - a potion of magic {unknown}
 p - a potion of might {unknown}
 q - a potion of heal wounds {unknown}
 t - a potion of agility {unknown}
Books
 d - a book of Changes

   Spells                             Type                      Level
   *Beastly Appendage                 Transmutation                1
   Sticks to Snakes                   Transmutation                2
   Spider Form                        Transmutation/Poison         3
   Ice Form                           Ice/Transmutation            4
   Blade Hands                        Transmutation                5


   Skills:
 + Level 1.4 Fighting
 + Level 0.2 Armour
 + Level 1.9 Dodging
 + Level 3.4 Unarmed Combat
 + Level 2.3 Spellcasting
 + Level 1.7 Transmutations


You had 5 spell levels left.
You knew the following spells:

 Your Spells              Type           Power        Failure   Level  Hunger
a - Beastly Appendage     Trmt           #.....       14%         1    #......


Dungeon Overview and Level Annotations

Branches:
Dungeon (2/15)

Altars:
The Shining One


Innate Abilities, Weirdness & Mutations

You are resistant to torment.
You are immune to poison.
Your stone body is very resilient (AC +3).
You resist negative energy.
You are resistant to electric shocks.
You can survive without breathing.
You are immune to petrification.
You are immune to rotting.
You have a pair of horns on your head.


Message History

Press: ? - help, Shift-Dir - straight line, f/p - ogre
Aim: an ogre, wielding a giant club (lightly wounded)
You throw a javelin. The javelin barely misses the ogre.
Casting: Beastly Appendage
Confirm with . or Enter, or press ? or * to list all spells.
You miscast Beastly Appendage.
You are very lightly contaminated with residual magic.
Nothing appears to happen.
Casting: Beastly Appendage
Confirm with . or Enter, or press ? or * to list all spells.
You grow a pair of large bovine horns.
You hit the ogre.
The ogre is lightly wounded.
The ogre hits you with a giant club!
Ouch! That really hurt!
* * * LOW HITPOINT WARNING * * *
You barely miss the ogre.
The ogre is lightly wounded.
The ogre hits you with a giant club!
You die...

... (... .(. ... #..
#.# #r# #O# #. #@#
#. #.# #.##. #.#
#.##.########.#
#.#...........#
#.#...###.##..#
♣.♣.♣.....##..#..
####..........P...#
..<♣.♣.♣....PP♣P....


You could see an ogre and a rat.

Vanquished Creatures
  2 adders (D:2)
  A giant cockroach (D:1)
  3 hobgoblins (D:1)
  6 bats
  A giant newt (D:1)
  3 goblins (D:1)
  2 rats (D:1)
18 creatures vanquished.

Notes
Turn   | Place    | Note
--------------------------------------------------------------
     0 | D:1      | Psiweapon, the Gargoyle Transmuter, began the quest for the Orb.
     0 | D:1      | Reached XP level 1. HP: 12/12 MP: 3/3
   263 | D:1      | Reached XP level 2. HP: 14/16 MP: 2/4
   483 | D:1      | Found a glowing golden altar of the Shining One.
   747 | D:2      | Reached XP level 3. HP: 20/20 MP: 4/6
   901 | D:2      | Noticed an ogre
   908 | D:2      | Slain by an ogre

Action                   || total
-------------------------++-------
Melee: Unarmed           ||    73
Throw: Javelin           ||     3
 Cast: Beastly Appendage ||    11
